Map: Lerilak Crest

Players

LilDicky

  • Race: Terran Terran
  • League: Diamond

robokill - Winner!

  • Race: Zerg Zerg
  • League: Diamond

VOD

http://www.twitch.tv/tumescentpie

Description

Time

  • Played on: Nov. 22, 2015, 11:05 p.m.
  • Length: 3:36
Show
View Real Time Build Order
Export as new Build Order

LilDicky Terran 

Build Orders: Command Center First (CC) 

Get SALT Encoding   

  12  0:01  SCV  
  13  0:13  SCV  
  14  0:17  Supply Depot  
  14  0:25  SCV  
  15  0:38  SCV  
  16  0:51  SCV  
  17  1:03  Command Center  
  17  1:05  SCV  
  18  1:17  SCV  
  19  1:35  Command Center  
  19  1:38  SCV  
  20  1:50  SCV  
  21  2:09  Command Center  
  21  2:17  SCV  
  21  2:18  Barracks  
  21  2:21  SCV  
  23  2:33  Supply Depot  
  23  2:34  SCV  
  23  2:35  SCV  
  25  2:46  SCV  
  25  2:47  SCV  
  25  2:50  SCV  
  28  2:58  SCV  
  29  3:03  SCV  
  29  3:05  Marine  
  31  3:10  Bunker, Orbital Command  
Show
View Real Time Build Order
Export as new Build Order

robokill Zerg - Winner!

Build Orders: Pool Only 

Get SALT Encoding   

  12  0:01  Drone  
  13  0:08  Drone  
  14  0:18  Drone, Extractor  
  14  0:32  Spawning Pool  
  13  0:35  Drone  
  14  0:44  Overlord  
  14  0:52  Extractor  
  14  0:53  Drone  
  15  1:04  Drone x2  
  17  1:10  Drone  
  18  1:19  Queen  
  18  1:23  Drone  
  21  1:34  Baneling Nest  
  21  1:36  Roach Warren  
  20  1:40  Drone  
  20  1:43  Zergling x2  
  22  1:50  Overlord  
  22  2:06  Overlord  
  22  2:18  Roach  
  24  2:24  Roach  
  26  2:30  Roach  
  26  2:31  Roach x2  
  26  2:36  Roach  
  34  2:47  Roach  
  36  2:57  Roach  
  38  3:01  Overlord  
  38  3:04  Extractor  
  38  3:05  Zergling x2  
  38  3:06  Overlord  
Tags
 
Add a new tag
Caveats
  • Supply blocks, unpowered buildings, or Contaminate may cause inaccurate times.
  • Supply counts are checked every 10 seconds.